AoeStats
← CazadorGT

Nomad

505745128Analyzed
4v4 RM · 23d ago on Sep 10, 2026· 70m 50s· 8 players
Game mode
Random Map
Map size
231×231
Population
200
Speed
Normal
Resources
Standard
Victory
Conquest
Starting age
Dark Age
Ending age
Imperial Age
RankedLock teamsTeams togetherTeam positionsShared explorationLock speedFull tech treeHidden civsTurbo modeCheats
Victory
Defeat
🇫🇮 Persians · Finland
1083
+13
🇲🇽 Britons · Mexico
1057
+14
🇺🇸 Italians · United States
970
+17
🇺🇸 Cumans · United States
961
+18
🇬🇹 Malians · Guatemala
1060
-18
🇺🇸 Vikings · United States
1009
-16
🇨🇴 Poles · Colombia
987
-15
🇮🇹 Dravidians · Italy
955
-13
CazadorGT
8:56 Loom
16:20 Feudal Age
17:06 Double-Bit Axe
18:35 Fishing Lines
20:25 Fletching
23:25 Castle Age
23:10 Forging
23:40 Gold Mining
24:21 Medium Warships
24:21 Bodkin Arrow
25:02 Bow Saw
28:11 Town Watch
31:13 Wheelbarrow
30:50 Horse Collar
31:32 Husbandry
31:40 Scale Barding Armor
32:19 Hand Cart
34:02 Gold Shaft Mining
35:13 Iron Casting
34:59 Chain Barding Armor
34:58 Treadmill Crane
36:47 Town Patrol
36:49 Scale Mail Armor
38:55 Chain Mail Armor
38:52 Masonry
39:03 Ballistics
39:15 Padded Archer Armor
39:25 Stone Mining
43:21 Imperial Age
42:18 Leather Archer Armor
43:38 Tigui
43:25 Onager
45:07 Chemistry
44:39 Plate Mail Armor
44:34 Conscription
43:39 Elite Gbeto
45:05 Stone Shaft Mining
44:31 Heavy Plow
46:11 Ring Archer Armor
46:17 Plate Barding Armor
45:24 Siege Onager
47:54 Architecture
47:20 Murder Holes
51:58 Elite Skirmisher
70:41 Squires
WololoJedi
6:09 Loom
15:19 Feudal Age
16:43 Wheelbarrow
15:58 Double-Bit Axe
15:55 Horse Collar
18:26 Stone Mining
23:05 Gold Mining
23:57 Forging
26:06 Castle Age
24:22 Fletching
24:33 Padded Archer Armor
24:59 Scale Mail Armor
25:36 Scale Barding Armor
26:09 Arson
27:35 Pikeman
28:16 Squires
28:15 Bodkin Arrow
30:28 Light Cavalry
31:19 Bloodlines
31:09 Husbandry
32:32 Man-at-Arms
35:45 Chain Mail Armor
48:09 Heavy Plow
51:41 Imperial Age
50:13 Iron Casting
49:54 Leather Archer Armor
49:59 Chain Barding Armor
53:16 Imperial Age
51:06 Hand Cart
56:51 Imperial Age
62:01 Long Swordsman
62:12 Crossbowman
65:28 Two-Handed Swordsman
gduenasarana
5:13 Loom
17:19 Feudal Age
17:50 Double-Bit Axe
18:48 Horse Collar
21:10 Stone Mining
22:22 Arson
23:51 Gold Mining
26:40 Castle Age
25:12 Town Watch
25:32 Scale Mail Armor
25:44 Forging
26:36 Fletching
28:52 Bow Saw
28:45 Heavy Plow
29:50 Chain Mail Armor
30:53 Iron Casting
30:59 Squires
33:57 Chieftains
41:26 Bodkin Arrow
43:11 Padded Archer Armor
43:36 Pikeman
44:02 Elite Skirmisher
47:39 Imperial Age
46:27 Leather Archer Armor
51:57 Gold Shaft Mining
51:35 Town Patrol
67:29 Ballistics
69:34 Chemistry
70:31 Crop Rotation
70:53 Masonry
verbumdei76
4:57 Loom
15:12 Feudal Age
20:32 Castle Age
18:54 Padded Archer Armor
19:06 Fletching
20:48 Forging
21:34 Gold Mining
22:14 Man-at-Arms
24:30 Long Swordsman
25:47 Bodkin Arrow
33:10 Wheelbarrow
33:50 Scale Barding Armor
34:24 Leather Archer Armor
65:24 Town Watch
66:06 Town Watch
SubjectHook712
9:46 Loom
15:47 Feudal Age
16:44 Double-Bit Axe
18:29 Wheelbarrow
20:34 Castle Age
18:41 Fishing Lines
24:58 Horse Collar
27:45 Hand Cart
31:01 Bow Saw
34:20 Murder Holes
38:48 Imperial Age
37:31 Padded Archer Armor
37:22 Fletching
38:35 Leather Archer Armor
39:54 Conscription
41:43 Ring Archer Armor
41:09 Bodkin Arrow
41:37 Ballistics
42:18 Chemistry
43:28 Bracer
46:30 Elite Genoese Crossbowman
58:48 Light Cavalry
60:05 Hussar
60:55 Bloodlines
65:41 Scale Barding Armor
65:47 Forging
68:27 Gillnets
RarinWheel65511
8:17 Loom
8:42 Loom
17:33 Feudal Age
18:06 Fishing Lines
21:53 Gold Mining
21:53 Stone Mining
23:13 Wheelbarrow
23:02 Double-Bit Axe
30:59 Castle Age
29:14 Bloodlines
29:17 Scale Barding Armor
29:23 Forging
30:39 Horse Collar
34:30 Hand Cart
38:27 Steppe Husbandry
41:18 Imperial Age
38:54 Heavy Plow
39:15 Chain Barding Armor
39:19 Gillnets
41:13 Iron Casting
40:29 Fletching
40:39 Padded Archer Armor
40:40 Scale Mail Armor
41:44 Elite Steppe Lancer
48:38 Elite Kipchak
53:44 Town Watch
67:16 Conscription
68:56 Bodkin Arrow
69:16 Leather Archer Armor
RIO1000
11:53 Loom
17:36 Feudal Age
18:39 Double-Bit Axe
20:34 Gold Mining
24:58 Castle Age
26:50 Bow Saw
26:48 Crossbowman
29:46 Horse Collar
34:10 Fletching
35:24 Bodkin Arrow
41:37 Padded Archer Armor
43:54 Stone Mining
44:39 Town Watch
45:42 Gold Shaft Mining
47:52 Ballistics
68:48 Wheelbarrow
72:50 Imperial Age
WihtoriKosola
8:55 Loom
14:39 Feudal Age
15:35 Gold Mining
17:15 Horse Collar
17:21 Double-Bit Axe
17:41 Fishing Lines
23:57 Castle Age
25:18 Wheelbarrow
27:47 Bow Saw
29:21 Stone Mining
31:15 Hand Cart
30:56 Pikeman
31:47 Scale Barding Armor
32:28 Heavy Plow
34:21 Murder Holes
34:46 Forging
36:31 Fletching
39:45 Imperial Age
41:07 Conscription
45:51 Town Watch
46:19 Kamandaran
46:42 Padded Archer Armor
48:41 Crossbowman
49:27 Thumb Ring
49:42 Leather Archer Armor
50:30 Bodkin Arrow
51:26 Chain Barding Armor
54:40 Plate Barding Armor
54:41 Iron Casting
58:36 Blast Furnace
58:07 Ring Archer Armor
66:57 Town Patrol
Connection lost

Rejoining the realm…

Still unreachable

The connection could not be restored.

Session expired

The server has moved on; the page needs a fresh start.